 Dungeon Crawl Stone Soup version 0.21.1-1-g345015f (console) character file.

534 Homage the Grasshopper (level 7, -1/57 HPs)
             Began as a Ghoul Warper on Apr 11, 2018.
             Slain by a howler monkey (7 damage)
             ... on level 5 of the Dungeon.
             The game lasted 00:16:37 (4111 turns).

Homage the Grasshopper (Ghoul Warper)               Turns: 4111, Time: 00:16:37

Health: -1/57      AC:  6    Str: 15    XL:     7   Next: 25%
Magic:  2/10       EV: 13    Int: 10    God:
Gold:   177        SH:  0    Dex:  8    Spells: 5/12 levels left

rFire    + . .     SeeInvis .   a - +0 trident
rCold    . . .     Gourm    .   (no shield)
rNeg     + + +     Faith    .   g - +0 ring mail
rPois    ∞         Spirit   .   n - +0 helmet
rElec    .         Reflect  .   (no cloak)
rCorr    .         Harm     .   (no gloves)
MR       .....                  (no boots)
Stlth    ..........             (no amulet)
HPRegen  0.00/turn              s - +2 ring of evasion
MPRegen  0.12/turn              i - ring of fire (curse)

@: rotting
A: rotting body, claws 1, carnivore, cold resistance 1, negative energy
resistance 3, inhibited regeneration, torment resistance, unbreathing
a: no special abilities


You were on level 5 of the Dungeon.
You were not hungry.

You visited 1 branch of the dungeon, and saw 5 of its levels.

You collected 177 gold pieces.


Innate Abilities, Weirdness & Mutations

Your body is rotting away.
You thrive on raw meat.
You are immune to poison.
You have sharp fingernails.
You are carnivorous and can eat meat at any time.
Your flesh is cold resistant. (rC+)
You are immune to negative energy. (rN+++)
You do not regenerate when monsters are visible.
You are immune to unholy pain and torment.
You can survive without breathing.


   Skills:
 - Level 3.0 Fighting
 + Level 3.5 Polearms
 - Level 0.8 Throwing
 - Level 2.0 Armour
 - Level 2.0 Dodging
 - Level 3.0 Spellcasting
 - Level 1.3 Charms
 - Level 5.0 Translocations


You had 5 spell levels left.
You knew the following spells:

 Your Spells              Type           Power        Failure   Level  Hunger
g - Shroud of Golubria    Chrm/Tloc      #.........   22%         2    ###....
v - Blink                 Tloc           N/A          10%         2    ###....
Z - Gell's Gravitas       Tloc           ##........   21%         3    ###....

Inventory:

Hand Weapons
 a - a +0 trident (weapon)
Missiles
 e - 4 tomahawks of dispersal (quivered)
 l - 2 throwing nets
Armour
 g - a +0 ring mail (worn)
 k - a +0 shield
 n - a +0 helmet (worn)
Jewellery
 i - a cursed ring of fire (right claw)
 o - a +5 ring of dexterity
 s - a +2 ring of evasion (left claw)
Scrolls
 b - 2 scrolls of enchant weapon
 d - 2 scrolls of blinking
 h - a scroll of fog
 j - 2 scrolls of teleportation
 p - a scroll of amnesia
Potions
 m - 2 potions of haste
 r - a potion of flight
Books
 c - a book of Spatial Translocations

   Spells                             Type                      Level
   a - Blink                          Translocation                2
   b - Shroud of Golubria             Charms/Translocation         2
   c - Lesser Beckoning               Translocation                3
   d - Gell's Gravitas                Translocation                3
   e - Teleport Other                 Translocation                3
   f - Passage of Golubria            Translocation                4
Comestibles
 f - 11 rations


Message History

The howler monkey hits you but does no damage.
The iguana closely misses you.
You barely miss the howler monkey.
The howler monkey is severely wounded.
The howler monkey barely misses you. The iguana misses you.
The howler monkey hoots and howls with incredible vigour!
You hear an angry hiss.
Casting: Blink
Confirm with . or Enter, or press ? or * to list all spells.
You blink.
The howler monkey hoots and howls with incredible vigour!
You hear an angry hiss.
An adder skeleton comes into view.
Casting: Blink
Confirm with . or Enter, or press ? or * to list all spells.
You blink.
The howler monkey hoots and howls with incredible vigour!
You hear a shout! x2
The howler monkey hits you!
You die...

### ##.#
##..#
######:..#
#.¤.l..#h#
#Z######@#
... #<.#
#### #..<#
###.# ###


You could see a howler monkey.

Vanquished Creatures
  Sigmund (D:3)
  Menkaure (D:4)
  A hound (D:4)
  A worker ant (D:4)
  Robin (D:4)
  9 adders
  An ooze (D:1)
  3 worms
  An adder skeleton (D:4)
  2 dart slugs
  5 leopard geckos
  6 orcs
  A ball python (D:4)
  6 bats
  3 giant cockroaches
  16 goblins
  10 hobgoblins
  4 kobolds
  5 quokkas
  5 frilled lizards (D:1)
  4 rats
86 creatures vanquished.

Notes
Turn   | Place    | Note
-------+----------+-------------------------------------------
     0 | D:1      | Homage the Ghoul Warper began the quest for the Orb.
     0 | D:1      | Reached XP level 1. HP: 17/17 MP: 2/2
    86 | D:1      | Reached XP level 2. HP: 23/24 MP: 4/4
   104 | D:1      | Learned a level 2 spell: Blink
   107 | D:1      | Learned a level 2 spell: Shroud of Golubria
   503 | D:1      | Reached XP level 3. HP: 27/29 MP: 6/6
   543 | D:1      | Reached skill level 3 in Spellcasting
   566 | D:1      | Learned a level 3 spell: Gell's Gravitas
   830 | D:2      | Reached skill level 3 in Translocations
   944 | D:2      | Reached skill level 1 in Armour
  1130 | D:2      | Reached XP level 4. HP: 32/36 MP: 7/7
  1536 | D:2      | Found a shattered altar of Ashenzari.
  1957 | D:3      | Noticed Sigmund
  1984 | D:3      | Killed Sigmund
  1984 | D:3      | Reached skill level 5 in Translocations
  1984 | D:3      | Reached XP level 5. HP: 18/41 MP: 8/8
  1984 | D:3      | Reached XP level 6. HP: 21/48 MP: 9/9
  2371 | D:3      | Noticed ggallus's ghost (amateur HuFi)
  2531 | D:3      | HP: 4/47 [ggallus's ghost (12)]
  3238 | D:4      | Found an opulent altar of Gozag.
  3356 | D:4      | Noticed Robin
  3399 | D:4      | Reached skill level 3 in Fighting
  3407 | D:4      | Killed Robin
  3546 | D:4      | Reached skill level 1 in Charms
  3778 | D:4      | Noticed Menkaure
  3787 | D:4      | Killed Menkaure
  3787 | D:4      | Reached skill level 3 in Polearms
  3787 | D:4      | Reached XP level 7. HP: 40/57 MP: 10/10
  4089 | D:5      | Entered Level 5 of the Dungeon
  4097 | D:5      | HP: 8/57 [iguana (7)]
  4102 | D:5      | HP: 7/57 [howler monkey (1)]
  4111 | D:5      | Slain by a howler monkey

Vault maps used:
D:1:      nagdon_arrival_zigzag_paths, minmay_misc_feat_chi
D:2:      nicolae_ashenzari_panopticon
D:3:      first_ration, uniq_sigmund
D:4:      cheibrodos_barr_body, grunt_gozag_breadcrumbs, uniq_robin,
          uniq_menkaure
D:5:      lemuel_round_altar, minmay_misc_feat_pillars, hangedman_decor_opposing

Action                   |  1- 3 |  4- 6 |  7- 9 || total
-------------------------+-------+-------+-------++-------
Melee: Spear             |   164 |    58 |       ||   222
       Trident           |       |   199 |    38 ||   237
Throw: Tomahawk          |       |       |     1 ||     1
 Cast: Blink             |       |    17 |     7 ||    24
  Use: Scroll            |     3 |     3 |     1 ||     7
       Potion            |     2 |     4 |       ||     6
  Eat: Chunk             |     7 |    13 |     5 ||    25
Armor: Leather armour    |     1 |       |       ||     1
       Ring mail         |    45 |    90 |    14 ||   149
Dodge: Dodged            |    63 |   164 |    39 ||   266
